AoeStats
← Emperor_Napoleon

Arabia

510455104Analyzed
1v1 RM · 1d ago on Oct 1, 2026· 28m 8s· 2 players
Game mode
Random Map
Map size
Tiny (2 player)
Population
200
Speed
Normal
Resources
Standard
Victory
Conquest
Starting age
Dark Age
Ending age
Imperial Age
RankedLock teamsTeams togetherTeam positionsShared explorationLock speedFull tech treeHidden civsTurbo modeCheats
Victory
Defeat
🇺🇸 Berbers · United States
2311
+17
🇨🇳 Malians · China
2334
-17
Bubbagump
5:43 Loom
8:24 Feudal Age
10:22 Double-Bit Axe
14:33 Horse Collar
20:14 Castle Age
18:48 Fletching
20:11 Bloodlines
20:37 Padded Archer Armor
23:32 Town Watch
24:42 Wheelbarrow
24:28 Bow Saw
24:29 Crossbowman
26:23 Bodkin Arrow
Emperor_Napoleon
6:09 Loom
8:38 Feudal Age
10:09 Double-Bit Axe
12:09 Fletching
19:10 Wheelbarrow
22:10 Castle Age
22:40 Bloodlines
22:36 Scale Barding Armor
22:18 Crossbowman
23:27 Bow Saw
23:48 Gold Mining
23:26 Crossbowman
24:45 Bodkin Arrow
Connection lost

Rejoining the realm…

Still unreachable

The connection could not be restored.

Session expired

The server has moved on; the page needs a fresh start.